 Dungeon Crawl Stone Soup version 0.28-a0-410-gbef64dd269 (webtiles) character file.

Game seed: 14678799023621966982

1372 heikuro the Slasher (level 8, -1/64 HPs)
             Began as a Formicid Abyssal Knight on Sept 6, 2021.
             Was a Priest of Lugonu.
             Slain by a hound (2 damage)
             ... on level 5 of the Dungeon on Sept 7, 2021.
             The game lasted 00:11:47 (7141 turns).

heikuro the Slasher (Formicid Abyssal Knight)       Turns: 7141, Time: 00:11:47

Health: -1/64      AC:  9    Str: 19    XL:     8   Next: 98%
Magic:  12/12      EV:  8    Int: 12    God:    Lugonu [***...]
Gold:   238        SH:  0    Dex: 16    Spells: 7/7 levels left

rFire   . . .      SeeInvis +   a - +5 dire flail (venom)
rCold   . . .      Faith    .   (no shield)
rNeg    . . .      Spirit   .   j - +0 chain mail
rPois   .          Reflect  .   (helmet unavailable)
rElec   .          Harm     .   (no cloak)
rCorr   .          Rampage  .   (no gloves)
Will    .....                   (no boots)
Stlth   ..........              (no amulet)
HPRegen 0.20/turn               v - +6 ring of dexterity
MPRegen 0.13/turn               (no ring)

@: no status effects
A: permanent stasis, dig shafts and tunnels, antennae 3, four strong arms
a: Dig, Shaft Self, Renounce Religion, Depart the Abyss, Bend Space, Banish


You were on level 5 of the Dungeon.
You worshipped Lugonu.
Lugonu was most pleased with you.
You visited 2 branches of the dungeon, and saw 6 of its levels.
You visited the Abyss 1 time.
You also visited: Sewer.

You collected 238 gold pieces.

Inventory:

Hand Weapons
 a - a +5 dire flail of venom (weapon)
 b - a +1 vorpal hunting sling
 r - a +1 falchion
Missiles
 e - 87 stones
 k - 16 poisoned darts (quivered)
 p - 2 throwing nets
Armour
 j - a +0 chain mail (worn)
Jewellery
 v - a +6 ring of dexterity (left hand)
Wands
 t - a wand of flame (13)
Scrolls
 c - a scroll of holy word {unknown}
 d - a scroll of magic mapping
 g - a scroll of fog
 l - a scroll of enchant armour {unknown}
 n - 2 scrolls of enchant weapon {unknown}
 o - a scroll of teleportation {unknown}
 u - 2 scrolls of noise {unknown}
Potions
 f - 3 potions of haste
 h - 2 potions of magic {unknown}
 i - a potion of degeneration {unknown}
 m - a potion of invisibility {unknown}
 q - a potion of resistance {unknown}
 s - a potion of curing {unknown}


   Skills:
 + Level 5.6 Fighting
 - Level 5.7 Long Blades
 * Level 2.0 Maces & Flails
 + Level 4.1 Slings
 + Level 5.1 Armour
 - Level 1.0 Dodging
 + Level 5.4 Invocations


You had 7 spell levels left.
You didn't know any spells.
Your spell library contained the following spells:

 Spells                   Type           Power      Damage    Failure   Level
 Corpse Rot               Necr/Air       N/A        N/A       99%         2
 Ensorcelled Hibernation  Hex/Ice        0%         N/A       99%         2
 Passwall                 Tmut/Erth      0%         N/A       99%         2
 Call Canine Familiar     Summ           0%         N/A       100%        3
 Portal Projectile        Hex/Tloc       0%         N/A       100%        3
 Tukima's Dance           Hex            0%         N/A       100%        3
 Dispel Undead            Necr           0%         3d6       100%        4
 Leda's Liquefaction      Hex/Erth       0%         N/A       100%        4
 Death Channel            Necr           0%         N/A       100%        6
 Invisibility             Hex            0%         N/A       100%        6
 Swiftness                Air            Unusable   N/A       N/A         3

Dungeon Overview and Level Annotations

Branches:
Dungeon (5/15)             Temple (1/1) D:5           Sewer (visited)

Altars:
Dithmenos
Fedhas
Gozag
Hepliaklqana
Kikubaaqudgha
Makhleb
Nemelex Xobeh
Okawaru
Qazlal
Sif Muna
Uskayaw
Vehumet
Wu Jian
Xom
Yredelemnul
Zin
The Shining One

Shops:
D:1 *=[*:   D:4 (


Innate Abilities, Weirdness & Mutations

You cannot be hasted, slowed, berserked, paralysed or teleported.
You can dig through walls and to a lower floor.
You have a pair of large antennae on your head. (SInv)
Your four strong arms can wield two-handed weapons with a shield.


Message History

Grinder is heavily wounded.
Grinder hits you but does no damage. Grinder hits you!
* * * LOW HITPOINT WARNING * * *
You puncture Grinder!
Grinder is almost dead.
Grinder hits you but does no damage.
You hit Grinder.
You kill Grinder!
Lugonu accepts your kill. The hound barely misses you.
Your Maces & Flails skill increases to level 2!
Your Slings skill increases to level 4!
Your Armour skill increases to level 5!
You closely miss the hound. The hound bites you.
* * * LOW HITPOINT WARNING * * *
The hound bites you.
* * * LOW HITPOINT WARNING * * *
Your chain mail prevents you from hitting the hound.
The hound barely misses you. The hound closely misses you.
You barely miss the hound. The hound bites you but does no damage.
The hound bites you.
* * * LOW HITPOINT WARNING * * *
You miss the hound. The hound barely misses you.
You closely miss the hound. The hound barely misses you. The hound bites you.
* * * LOW HITPOINT WARNING * * *
You closely miss the hound. The hound bites you but does no damage.
The hound bites you.
* * * LOW HITPOINT WARNING * * *
You closely miss the hound. The hound bites you but does no damage.
The hound barely misses you.
You hit the hound but do no damage.
The hound is poisoned.
The hound bites you but does no damage. The hound bites you.
* * * LOW HITPOINT WARNING * * *
The hound completely misses you.
You closely miss the hound.
The hound is moderately wounded.
The hound bites you but does no damage.
It was a potion of haste.
Your stasis prevents you from being hasted.
The hound bites you.
You die...

#.#####.#####..#
#.....<........#
########..####.####...#
..........#
........####
#########.#
####.>...... #.#
##.#.#### #.# ###.# #.#
#.# #@# #.# #h# #.# #Z#
#.# #†# #.#
#.###########.#
..............#
..#####.####### #..#
#.# #..# #.#


You could see a hound (very poisoned) and a bullfrog skeleton.

Vanquished Creatures
  Grinder (D:5)
  Sigmund (D:2)
  Edmund (D:4)
  Purgy (Sewer)
  A black bear (D:4)
  3 ogres (D:4)
  A scorpion (D:4)
  3 hounds
  A bullfrog skeleton (D:5)
  2 iguanas
  A hound zombie (D:3)
  2 hound skeletons
  Robin (D:3)
  9 adders
  An ufetubus (D:3)
  An adder skeleton (D:4)
  A worm (D:2)
  3 dart slugs
  An orc (D:4)
  11 ball pythons
  8 bats
  9 endoplasms
  7 giant cockroaches
  23 goblins
  6 hobgoblins
  11 kobolds
  2 quokkas
  A ball python skeleton (D:3)
  A ball python zombie (D:3)
  5 frilled lizards
  A jackal skeleton (D:3)
  6 rats
126 creatures vanquished.

Vanquished Creatures (others)
  A centaur (D:5)
  4 hounds (D:5)
  An iguana (D:5)
  6 withered plants (D:3)
12 creatures vanquished.

Grand Total: 138 creatures vanquished

Notes
Turn   | Place    | Note
-------+----------+-------------------------------------------
     0 | Abyss:1  | heikuro the Formicid Abyssal Knight began the quest for the
                  | Orb.
     0 | Abyss:1  | Reached XP level 1. HP: 18/18 MP: 2/2
    44 | Abyss:1  | Noticed a small abomination
    53 | D:1      | Escaped the Abyss
   169 | D:1      | Reached skill level 1 in Dodging
   218 | D:1      | Found Dyduruex's Book Emporium.
   328 | D:1      | Found Itesoma's Armour Shoppe.
   339 | D:1      | Reached XP level 2. HP: 23/24 MP: 3/3
   355 | D:1      | Found Bosivvy's Assorted Antiques.
   389 | D:1      | Reached * piety under Lugonu
   630 | D:1      | Reached XP level 3. HP: 29/29 MP: 4/4
   761 | D:1      | Found Ipussoc's Assorted Antiques.
   918 | D:1      | Found Ipreag's Jewellery Emporium.
  1415 | D:2      | Reached XP level 4. HP: 37/37 MP: 6/6
  1594 | D:2      | Noticed Sigmund
  1605 | D:2      | Killed Sigmund
  1606 | D:2      | Reached skill level 1 in Slings
  1606 | D:2      | Reached XP level 5. HP: 37/42 MP: 7/7
  1606 | D:2      | Reached XP level 6. HP: 42/48 MP: 8/8
  2145 | D:2      | Reached ** piety under Lugonu
  2526 | D:3      | Found a glowing drain.
  2597 | Sewer    | Entered a sewer
  2710 | Sewer    | Noticed Purgy
  2732 | Sewer    | Killed Purgy
  2733 | Sewer    | Reached XP level 7. HP: 6/55 MP: 9/9
  3466 | D:3      | Noticed Robin
  3694 | D:2      | Reached *** piety under Lugonu
  3802 | D:3      | Killed Robin
  3884 | D:3      | Found a faded altar of an unknown god.
  4577 | D:4      | Reached skill level 5 in Fighting
  4577 | D:4      | Reached skill level 5 in Long Blades
  4577 | D:4      | Reached XP level 8. HP: 33/62 MP: 11/11
  5015 | D:4      | You fall into a shaft and drop 1 floor!
  5015 | D:5      | Entered Level 5 of the Dungeon
  5336 | D:4      | Found Ninyeh's Weapon Boutique.
  5600 | D:4      | Noticed Edmund
  5653 | D:4      | Killed Edmund
  5654 | D:4      | Reached skill level 5 in Invocations
  6580 | D:5      | Found a staircase to the Ecumenical Temple.
  6668 | Temple   | Entered the Ecumenical Temple
  6923 | D:5      | Found a shimmering altar of Xom.
  7000 | D:5      | Reached skill level 1 in Maces & Flails
  7109 | D:5      | Noticed Grinder
  7129 | D:5      | Killed Grinder
  7130 | D:5      | Reached skill level 5 in Armour
  7135 | D:5      | HP: 3/64 [hound (2)]
  7137 | D:5      | HP: 1/64 [hound (3)]
  7141 | D:5      | Slain by a hound

Illustrated notes

Levels and vault maps discovered:
D:1:      co_arrival_random_square_maze, layout_basic, serial_shops, shop,
          nicolae_square_shop, nicolae_shop_waterfront, nicolae_shop_crystal,
          nicolae_shop_behind_doors, minmay_box_of_dots
D:2:      minmay_skewed_foursquare, layout_loops_cross,
          chequers_decorated_corner, minivault_23, uniq_sigmund
D:3:      layout_rooms, gup_sewer_entry_glass, serial_undead, serial_undead_d,
          serial_undead_a, serial_undead_b, serial_undead_b, serial_undead_b,
          serial_undead_c, chequers_ecumenical_altar_simple,
          minmay_misc_feat_nine_boxes, uniq_robin
D:4:      layout_layer_cave, serial_shops, kennysheep_mini, uniq_edmund
D:5:      layout_loops_ring, xom_confusion_cloud, minmay_temple_entry_mist,
          chequers_serial_rivers_small_b, uniq_grinder
Temple:   eino_temple_scatter_basement

Skill      XL: |  1  2  3  4  5  6  7  8 |
---------------+-------------------------+-----
Dodging        | 1 |  1.0
Long Blades    | 3 4 5 |  5.7
Fighting       | 4 5 |  5.6
Slings         | 1 2 3 4 |  4.1
Armour         | 3 4 5 |  5.1
Invocations    | 3 4 5 |  5.4
Maces & Flails | 2 |  2.0

Action                   |  1- 3 |  4- 6 |  7- 9 || total
-------------------------+-------+-------+-------++-------
Melee: Falchion          |    55 |   118 |   111 ||   284
       Dire flail        |       |       |    45 ||    45
 Fire: Hunting sling     |    15 |    16 |   116 ||   147
Throw: Dart              |       |       |     9 ||     9
Invok: Depart the Abyss  |     1 |       |       ||     1
       Bend Space        |       |       |    16 ||    16
  Use: Scroll            |       |     1 |     3 ||     4
       Potion            |       |       |     1 ||     1
Armor: Ring mail         |    20 |    52 |       ||    72
       Chain mail        |       |    35 |   105 ||   140
Dodge: Dodged            |    38 |    82 |    85 ||   205

Table legend: (Time is in decaauts)
 A = Elapsed time spent in this place.
 B = Non-inter-level travel time spent in this place.
 C = Inter-level travel time spent in this place.
 D = Time resting spent in this place.
 E = Time spent auto-exploring this place.
 F = Levels seen in this place.
 G = Mean time per level.
                   A        B        C        D        E       F      G
               +--------+--------+--------+--------+--------+-----+--------+
         Total |   7195 |   6885 |    310 |   1402 |   4028 |   8 |  899.4 |
       Dungeon |   6431 |   6134 |    297 |   1115 |   3791 |   5 | 1286.2 |
        Temple |    224 |    211 |     13 |      0 |    195 |   1 |  224.0 |
         Abyss |     53 |     53 |      0 |      0 |     41 |   1 |   53.0 |
         Sewer |    486 |    486 |      0 |    287 |      0 |   1 |  486.0 |
               +--------+--------+--------+--------+--------+-----+--------+

Top non-repeatable levels by time:
     D:4: 2104 daAuts
     D:2: 1660 daAuts
     D:1: 1174 daAuts
     D:3: 911 daAuts
     D:5: 579 daAuts
   Sewer: 486 daAuts
  Temple: 224 daAuts
 Abyss:1: 53 daAuts
